 Dungeon Crawl Stone Soup version 0.25.1-2-g60ff931df9 (webtiles) character file.

Game seed: 11741133763409062665

22472 Krehm the Thaumaturge (level 13, -1/71 HPs)
             Began as a Vine Stalker Skald on June 26, 2020.
             Was a Follower of Uskayaw.
             Slain by a seven-headed hydra (8 damage)
             ... on level 10 of the Dungeon on Aug 23, 2020.
             The game lasted 02:16:57 (14918 turns).

Krehm the Thaumaturge (Vine Stalker Skald)         Turns: 14918, Time: 02:16:58

Health: -1/71      AC: 16    Str: 28    XL:     13   Next: 0%
Magic:  0/28       EV: 12    Int: 15    God:    Uskayaw [*.....]
Gold:   677        SH:  0    Dex: 23    Spells: 25/33 levels left

rFire    . . .     SeeInvis .   e - +4 dagger (freeze) (curse)
rCold    . . .     Gourm    .   (no shield)
rNeg     + . .     Faith    .   x - +7 ring mail of Quem {rPois Dex+6}
rPois    +         Spirit   +   i - +1 helmet
rElec    +         Reflect  .   R - scarf {repulsion}
rCorr    .         Harm     .   S - +1 pair of gloves of the Maze {rElec MR+ Regen+ Dex+2}
MR       +++++     Clarity  +   (no boots)
Stlth    +++.......             L - amulet of the Four Winds {rN+ MR+++ Clar}
HPRegen  1.41/turn              g - +6 ring of strength
MPRegen  0.21/turn              y - +6 ring of strength

@: repel missiles
A: fangs 3, regeneration 2, magic shield, antimagic bite, no potion heal 3, rot
immunity
a: Stomp, Renounce Religion


You were on level 10 of the Dungeon.
You worshipped Uskayaw.
Uskayaw was noncommittal.
You were not hungry.

You visited 3 branches of the dungeon, and saw 14 of its levels.
You also visited: Volcano.

You collected 1239 gold pieces.
You spent 562 gold pieces at shops.

Inventory:

Hand Weapons
 e - a cursed +4 dagger of freezing (weapon)
Missiles
 l - 67 poisoned darts (quivered)
 n - 8 javelins
 B - 2 throwing nets
Armour
 i - a +1 helmet (worn)
 x - the +7 ring mail of Quem (worn) {rPois Dex+6}
   (You found it on level 4 of the Dungeon)

   It affects your dexterity (+6).
   It protects you from poison.
 A - a +0 cloak of fire resistance
 P - a +0 kite shield
 R - a scarf of repulsion (worn)
 S - the +1 pair of gloves of the Maze (worn) {rElec MR+ Regen+ Dex+2}
   (You bought it in a shop on level 12 of the Dungeon)

   It affects your dexterity (+2).
   It insulates you from electricity.
   It affects your resistance to hostile enchantments.
   It increases your rate of regeneration.
Jewellery
 g - a +6 ring of strength (left hand)
 y - a +6 ring of strength (right hand)
 J - an uncursed ring of positive energy
 L - the amulet of the Four Winds (around neck) {rN+ MR+++ Clar}
   (You found it on level 11 of the Dungeon)

   [amulet of nothing]

   It protects you from negative energy.
   It affects your resistance to hostile enchantments.
   It protects you against confusion.
Wands
 j - a wand of flame (17)
 o - a wand of polymorph (11)
 w - a wand of random effects (24)
 I - a wand of iceblast (7)
 K - a wand of acid (4)
 O - a wand of clouds (6)
Scrolls
 a - a scroll of identify
 m - 3 scrolls of enchant armour
 r - 5 scrolls of teleportation
 s - 3 scrolls of magic mapping
 u - 2 scrolls of immolation
 v - 5 scrolls of remove curse
 z - 2 scrolls of noise {unknown}
 E - a scroll of fear {unknown}
 G - 3 scrolls of enchant weapon
 H - 3 scrolls of amnesia
 Q - a scroll of fog {unknown}
Potions
 b - 2 potions of might
 c - a potion of magic
 f - 7 potions of curing
 h - a potion of brilliance {unknown}
 k - a potion of mutation
 p - a potion of haste
 q - 4 potions of flight
 t - a potion of stabbing {unknown}
 F - a potion of resistance {unknown}
 M - 3 potions of berserk rage {unknown}
Comestibles
 d - 34 rations
 C - a chunk of flesh


   Skills:
 + Level 9.7 Fighting
 * Level 8.9 Short Blades
 - Level 0.7 Armour
 - Level 1.5 Dodging
 - Level 6.0 Stealth
 + Level 2.5 Shields
 + Level 10.5 Spellcasting
 - Level 5.0 Hexes
 - Level 6.0 Charms
 - Level 2.0 Translocations
   Level 4.8 Ice Magic
 + Level 6.7 Invocations


You had 25 spell levels left.
You knew the following spells:

 Your Spells              Type           Power        Failure   Level  Hunger
a - Infusion              Chrm           ####         1%          1    None
b - Song of Slaying       Chrm           ####....     1%          2    None
c - Shroud of Golubria    Chrm/Tloc      ###...       4%          2    None
e - Spectral Weapon       Hex/Chrm       ###.....     4%          3    None

Your spell library contained the following spells:

 Spells                   Type           Power        Failure   Level  Hunger
 Ozocubu's Armour         Chrm/Ice       ###.....     4%          3    None
 Summon Small Mammal      Summ           #...         14%         1    None
 Summon Guardian Golem    Hex/Summ       ###.....     14%         3    None
 Call Imp                 Summ           #.......     21%         2    None
 Call Canine Familiar     Summ           #.......     38%         3    None
 Summon Ice Beast         Ice/Summ       ###.....     45%         4    ###....
 Summon Lightning Spire   Summ/Air       #.......     80%         4    ###....


Dungeon Overview and Level Annotations

Branches:
Dungeon (12/15)            Temple (1/1) D:6            Lair (1/6) D:10
    Orc (0/2) D:9         Volcano (visited)

Altars:
Ashenzari
Cheibriados
Elyvilon
Fedhas
Gozag
Hepliaklqana
Kikubaaqudgha
Makhleb
Nemelex Xobeh
Okawaru
Qazlal
Ru
Sif Muna
Uskayaw
Wu Jian
Xom
Yredelemnul
Zin
The Shining One

Shops:
D:5 !(!=   D:8 }   D:9 ([   D:12 [

Annotations:
D:8 2 transporters, exclusion: downstairs


Innate Abilities, Weirdness & Mutations

You have razor-sharp teeth.
You heal very quickly.
When hurt, damage is shared between your health and your magic reserves.
Your bite disrupts and absorbs the magic of your enemies.
Potions cannot restore your health.
You are immune to rotting.


Message History

You bite the seven-headed hydra! You drain its power.
You feel invigorated.
The seven-headed hydra is moderately wounded.
Your spectral weapon hits the seven-headed hydra.
Your spectral weapon freezes the seven-headed hydra.
The seven-headed hydra bites you but does no damage.
The seven-headed hydra bites you!
The seven-headed hydra bites you but does no damage.
The seven-headed hydra bites you.
The seven-headed hydra closely misses you.
The seven-headed hydra bites you but does no damage. x2
The seven-headed hydra bites you. The seven-headed hydra bites you!
* * * LOW HITPOINT WARNING * * *
The seven-headed hydra bites you.
* * * LOW HITPOINT WARNING * * *
The seven-headed hydra bites you!
* * * LOW HITPOINT WARNING * * *
The seven-headed hydra completely misses you.
The seven-headed hydra closely misses you.
The seven-headed hydra bites you!
You die...

#...........#.............
#...........#.#####.......
#..........P..## #.......
#..<....P.P.P..## #.......
#......P)P......# ######.#
###...P.P..(P...## #.#
###.....PP.P.P.P..P# #.#
#...#PP.PP##'#...P.## #.#
#.###..P.P#@D#...P..# #.#
#.##..P...#>(#P.....# #.#
##'##...P.P####.P.P..######'#
#......P.PP..P.P.............
#.........P...P.P..##........
#........P.PPP.....##.....(..
#...!.......P.P..P###........
#.........P.........'........
#############....####........


You could see a seven-headed hydra and a friendly spectral +4 dagger of
freezing.

Vanquished Creatures
  Jorgrun (D:12)
  A hydra (Lair:1)
  2 skeletal warriors (Volcano)
  2 anaconda skeletons (Volcano)
  2 ugly things (D:11)
  A manticore (D:12)
  The ghost of Delamore the Fighter, a novice GrFi of Okawaru (D:6)
  6 gargoyles
  A spiny frog (Lair:1)
  2 kobold demonologists (D:11)
  A komodo dragon (Lair:1)
  2 hornets
  A harpy skeleton (Volcano)
  Grinder (D:5)
  3 hippogriffs
  2 flying skulls (Volcano)
  A shadow (D:12)
  Sigmund (D:5)
  3 wyverns
  A wraith (D:12)
  2 alligator skeletons (Volcano)
  A basilisk (D:12)
  8 yaks (D:10)
  A steam dragon (D:12)
  A hungry ghost (D:12)
  Menkaure (D:6)
  Duvessa (D:5)
  2 water moccasins
  3 porcupines
  2 phantoms
  9 orc warriors
  2 ice beasts
  3 black bears
  2 eyes of draining
  11 ogres
  4 centaurs
  Blork the orc (D:5)
  4 big kobolds
  8 bullfrogs
  Dowan (D:5)
  A water moccasin skeleton (D:6)
  4 scorpions
  10 killer bees
  6 electric eels (D:7)
  3 howler monkeys
  A jelly (D:6)
  16 wights
  3 troll skeletons (Volcano)
  2 spriggan skeletons (Volcano)
  4 crimson imps
  2 centaur zombies
  2 bullfrog zombies
  A quasit (D:11)
  5 hounds
  3 bullfrog skeletons
  9 orc wizards
  3 centaur skeletons
  3 orc priests
  Crazy Yiuf (D:3)
  Ijyb (D:3)
  4 iguanas
  Natasha (thrice) (D:3)
  7 worker ants
  A naga skeleton (Volcano)
  A hound skeleton (D:8)
  17 adders
  A gnoll (D:4)
  2 howler monkey skeletons
  A shadow imp (D:10)
  2 adder zombies
  6 dart slugs
  5 leopard geckos
  46 orcs
  5 bats
  7 giant cockroaches
  21 goblins
  22 hobgoblins
  4 jackals
  20 kobolds
  4 quokkas
  5 ball pythons
  4 frilled lizards
  A jackal skeleton (D:5)
  2 leopard gecko skeletons (D:4)
  A leopard gecko zombie (D:7)
  6 rats
380 creatures vanquished.

Vanquished Creatures (others)
  A flying skull (Volcano)
  10 spectral weapons
11 creatures vanquished.

Grand Total: 391 creatures vanquished

Notes
Turn   | Place    | Note
-------+----------+-------------------------------------------
     0 | D:1      | Krehm the Vine Stalker Skald began the quest for the Orb.
     0 | D:1      | Reached XP level 1. HP: 11/11 MP: 4/4
   263 | D:1      | Reached XP level 2. HP: 12/15 MP: 1/6
   272 | D:1      | Learned a level 2 spell: Song of Slaying
   617 | D:1      | Reached XP level 3. HP: 18/18 MP: 6/8
  1178 | D:2      | Reached skill level 3 in Spellcasting
  1178 | D:2      | Gained mutation: Your natural rate of healing is unusually
                  | fast. [Vine Stalker growth]
  1178 | D:2      | Reached XP level 4. HP: 23/23 MP: 7/9
  1182 | D:2      | Learned a level 2 spell: Shroud of Golubria
  1186 | D:2      | Learned a level 3 spell: Ozocubu's Armour
  1761 | D:3      | Found a runed translucent door.
  1762 | D:3      | Noticed Crazy Yiuf
  1770 | D:3      | Killed Crazy Yiuf
  1770 | D:3      | Reached skill level 1 in Ice Magic
  1770 | D:3      | Reached XP level 5. HP: 28/28 MP: 6/10
  1848 | D:3      | Reached skill level 1 in Translocations
  2025 | D:3      | Noticed a phantom
  2077 | D:3      | Killed a phantom
  2077 | D:3      | Reached XP level 6. HP: 29/32 MP: 9/12
  2625 | D:3      | Noticed Natasha
  2635 | D:3      | Killed Natasha
  2786 | D:3      | Noticed Natasha
  2792 | D:3      | Killed Natasha
  2853 | D:3      | Noticed Ijyb
  2905 | D:3      | Killed Ijyb
  2905 | D:3      | Reached skill level 4 in Spellcasting
  3180 | D:3      | Noticed Natasha
  3194 | D:3      | Killed Natasha
  3194 | D:3      | Reached XP level 7. HP: 36/36 MP: 9/14
  3812 | D:4      | Learned a level 3 spell: Spectral Weapon
  4302 | D:4      | Reached skill level 1 in Hexes
  4302 | D:4      | Reached skill level 5 in Charms
  4544 | D:4      | Got a steaming ring mail
  4702 | D:5      | Entered Level 5 of the Dungeon
  4738 | D:5      | Gained mutation: You have razor-sharp teeth. [Vine Stalker
                  | growth]
  4738 | D:5      | Reached XP level 8. HP: 34/42 MP: 14/16
  4762 | D:5      | Found Viuxiameo's Distillery.
  4788 | D:5      | Noticed Blork the orc
  4800 | D:5      | Killed Blork the orc
  4800 | D:5      | Reached skill level 5 in Spellcasting
  4911 | D:5      | Noticed Grinder
  4924 | D:5      | Killed Grinder
  4950 | D:5      | Found Muenkenn's Weapon Shoppe.
  4996 | D:5      | Noticed Sigmund
  5060 | D:5      | Killed Sigmund
  5060 | D:5      | Reached skill level 5 in Fighting
  5064 | D:5      | Noticed Duvessa
  5067 | D:5      | Noticed Dowan
  5078 | D:5      | HP: 2/43 [Duvessa/+0 rapier (4)]
  5247 | D:5      | Found Cikiff's Distillery.
  5254 | D:5      | Bought a potion of degeneration for 12 gold pieces
  5355 | D:5      | Reached skill level 6 in Spellcasting
  5482 | D:5      | Found Humofrey's Jewellery Boutique.
  5693 | D:6      | Noticed Menkaure
  5702 | D:6      | Killed Menkaure
  5702 | D:6      | Reached XP level 9. HP: 26/48 MP: 15/19
  5972 | D:6      | Noticed Delamore's ghost (novice GrFi)
  5982 | D:6      | Found a runed translucent door.
  6236 | D:6      | Killed Delamore's ghost
  6236 | D:6      | Reached skill level 7 in Spellcasting
  6599 | D:6      | Found a staircase to the Ecumenical Temple.
  6603 | Temple   | Entered the Ecumenical Temple
  6618 | Temple   | Became a worshipper of Uskayaw the Reveler
  6667 | D:6      | Found a shimmering blue altar of Sif Muna.
  6776 | D:6      | Reached * piety under Uskayaw
  6951 | D:7      | Reached ** piety under Uskayaw
  7302 | D:7      | Reached skill level 8 in Spellcasting
  7653 | D:7      | Found a glowing silver altar of Zin.
  7716 | D:7      | Reached *** piety under Uskayaw
  7718 | D:7      | Reached **** piety under Uskayaw
  7785 | D:7      | Reached skill level 1 in Invocations
  7977 | D:7      | Reached XP level 10. HP: 49/55 MP: 18/23
  8402 | D:8      | Noticed a kobold demonologist
  8407 | D:8      | Found a transporter.
  8454 | D:8      | Found a shattered altar of Ashenzari.
  8455 | D:8      | Found a stormy altar of Qazlal.
  8455 | D:8      | Found a shimmering altar of Xom.
  8456 | D:8      | Found an ancient bone altar of Kikubaaqudgha.
  8515 | D:8      | Found a basalt altar of Yredelemnul.
  8515 | D:8      | Found a hazy altar of Hepliaklqana.
  8740 | D:8      | Found a transporter.
  8744 | D:8      | Found Moypnebb's Gadget Shop.
  8921 | D:8      | Found a glowing golden altar of the Shining One.
  9076 | D:9      | Found a blossoming altar of Fedhas.
  9123 | D:9      | Reached ***** piety under Uskayaw
  9231 | D:9      | Found Wagued's Weapon Shop.
  9231 | D:9      | Found a staircase to the Orcish Mines.
  9232 | D:9      | Found Qaid's Armour Shop.
  9805 | D:9      | Reached skill level 9 in Spellcasting
 10034 | D:10     | Entered Level 10 of the Dungeon
 10175 | D:10     | Reached skill level 5 in Short Blades
 10241 | D:10     | Noticed a gargoyle
 10254 | D:10     | Killed a gargoyle
 10254 | D:10     | Reached skill level 1 in Stealth
 10324 | D:10     | Reached XP level 11. HP: 60/60 MP: 23/25
 10832 | D:10     | Found a staircase to the Lair.
 10981 | D:10     | Found a staircase to the Lair.
 11347 | D:11     | Noticed a green ugly thing
 11431 | D:11     | Noticed a green ugly thing
 11444 | D:11     | Killed a green ugly thing
 11674 | D:11     | Killed a green ugly thing
 11892 | D:11     | Reached skill level 5 in Invocations
 11958 | D:11     | Found the amulet of the Four Winds {rN+ MR+++ Clar}
 12045 | D:11     | Identified the +7 ring mail of Quem {rPois Dex+6} (You
                  | found it on level 4 of the Dungeon)
 12223 | D:11     | Noticed a sun demon
 12557 | D:5      | Found Muenkenn's Weapon Shoppe.
 12572 | D:5      | Found Cikiff's Distillery.
 12649 | D:5      | Found Viuxiameo's Distillery.
 12676 | D:5      | Found Humofrey's Jewellery Boutique.
 12698 | D:5      | Killed Duvessa
 12753 | D:5      | Killed Dowan
 12787 | D:8      | Upgraded the game from 0.25.0-11-g1f837a76a1 to
                  | 0.25.1-2-g60ff931df9
 12861 | D:9      | Bought a scarf of repulsion for 180 gold pieces
 13368 | D:12     | Noticed a manticore
 13379 | D:12     | Gained mutation: You heal very quickly. [Vine Stalker
                  | growth]
 13379 | D:12     | Reached XP level 12. HP: 56/66 MP: 15/26
 13659 | D:12     | Found Adatz's Antique Armour Emporium.
 13678 | D:12     | Noticed Jorgrun
 13717 | D:12     | Reached skill level 5 in Hexes
 13749 | D:12     | Killed Jorgrun
 13749 | D:12     | Reached skill level 5 in Stealth
 13749 | D:12     | Reached skill level 10 in Spellcasting
 13938 | D:12     | Bought a pair of translucent gloves for 370 gold pieces
 13949 | D:12     | Identified the +1 pair of gloves of the Maze {rElec MR+
                  | Regen+ Dex+2} (You bought it in a shop on level 12 of the
                  | Dungeon)
 14021 | Lair:1   | Entered Level 1 of the Lair of Beasts
 14043 | Lair:1   | Noticed a seven-headed hydra
 14059 | Lair:1   | Killed a seven-headed hydra
 14090 | Lair:1   | Found a dark tunnel.
 14101 | Volcano  | Entered a volcano
 14201 | Volcano  | Reached skill level 1 in Shields
 14868 | Lair:1   | Noticed a seven-headed hydra
 14874 | Lair:1   | Reached XP level 13. HP: 35/71 MP: 5/28
 14918 | D:10     | Slain by a seven-headed hydra

Illustrated notes

Levels and vault maps discovered:
D:1:      dpeg_arrival_radiant, layout_basic
D:2:      layout_basic
D:3:      layout_loops_ring, minmay_mini_jars, uniq_crazy_yiuf_cottage,
          uniq_ijyb, uniq_natasha
D:4:      corexii_shantytown, layout_basic, first_ration
D:5:      black_bear_nest_2, layout_loops_cross, serial_shops,
          nicolae_shop_trees, shop_statue, shop, nicolae_shop_crystal,
          nrook_mini_backslash, uniq_sigmund, uniq_blork_the_orc, uniq_duvessa,
          uniq_grinder
D:6:      layout_basic, minmay_temple_entry_trees,
          hellmonk_ghost_happy_afterlife, interstate_on_off, led_sif_book,
          uniq_menkaure
D:7:      layout_gridville, overflow_temple_1_default, serial_bayou,
          serial_bayou_lake_a, serial_bayou_pond_a, serial_bayou_lagoon_a,
          serial_bayou_pond_d, chequers_serial_rivers_room_b, grunt_ogre_cave
D:8:      gammafunk_wand_slinger, layout_gridville,
          chequers_temple_overflow_statue_of_worship, kennysheep_mini_moat,
          amethyst_overflow_temple_binary, serial_shops, shop
D:9:      layout_loops_ring, orc_david_3, basic_altar
D:10:     layout_roguey, grunt_lair_entry_orc_guard_hut
D:11:     layout_gridville
D:12:     layout_gridville, serial_shops, nicolae_shop_waterfront, uniq_jorgrun
Temple:   eino_narrow_crystal_temple
Lair:1:   layout_concentric_octagons, nicolae_volcano_entry_two_sided,
          st_stairs_6, uniq_erica

Skill      XL: |  1  2  3  4  5  6  7  8  9 10 11 12 |
---------------+-------------------------------------+-----
Fighting       | 2 3 4 5 7 8 9 |  9.7
Spellcasting   | 3 4 6 8 9 10 | 10.5
Ice Magic      | 1 2 3 4 |  4.8
Translocations | 1 2 |  2.0
Charms         | 4 5 6 |  6.0
Hexes          | 1 3 4 5 |  5.0
Short Blades   | 2 5 7 8 |  8.9
Invocations    | 1 4 5 6 |  6.7
Stealth        | 1 4 6 |  6.0
Shields        | 2 |  2.5
Armour         | |  0.7
Dodging        | |  1.5

Action                   |  1- 3 |  4- 6 |  7- 9 | 10-12 | 13-15 || total
-------------------------+-------+-------+-------+-------+-------++-------
Melee: Short sword       |    77 |       |       |       |       ||    77
       Bite              |    22 |    75 |   182 |   309 |     1 ||   589
       Dagger            |    30 |   269 |   403 |   630 |     1 ||  1333
Throw: Dart              |       |       |     4 |     4 |       ||     8
       Javelin           |       |       |       |     2 |       ||     2
       Throwing net      |       |       |       |     1 |       ||     1
 Cast: Infusion          |     6 |    28 |    45 |    68 |       ||   147
       Song of Slaying   |     1 |       |     1 |    11 |       ||    13
       Shroud of Golubri |       |     8 |    43 |    81 |     2 ||   134
       Spectral Weapon   |       |       |     8 |    26 |     1 ||    35
Invok: Stomp             |       |       |       |     3 |       ||     3
       Line Pass         |       |       |       |     2 |       ||     2
  Use: Scroll            |       |       |     5 |    11 |       ||    16
       Potion            |       |       |     1 |     4 |       ||     5
 Stab: Paralysed         |       |       |     2 |    31 |       ||    33
       Distracted        |       |       |       |     5 |       ||     5
       Confused          |       |       |       |     1 |       ||     1
       Sleeping          |       |       |       |     4 |       ||     4
       Held in net/web   |       |       |       |     3 |       ||     3
       Invisible         |       |       |       |     2 |       ||     2
  Eat: Chunk             |     1 |     7 |     9 |    17 |       ||    34
       Ration            |       |       |     2 |     3 |       ||     5
Armor: Ring mail         |    39 |   115 |   106 |   176 |    14 ||   450
Dodge: Dodged            |    50 |   119 |   161 |   255 |    13 ||   598
       Repelled          |       |       |       |     4 |       ||     4
